 Dungeon Crawl Stone Soup version 0.22-a0-136-g83a10e5 (webtiles) character file.

391 varam the Grave Robber (level 6, -8/41 HPs)
             Began as a Demonspawn Necromancer on Feb 4, 2018.
             Mangled by an ice beast (14 damage)
             ... on level 4 of the Dungeon.
             The game lasted 00:11:42 (3985 turns).

varam the Grave Robber (Demonspawn Necromancer)     Turns: 3985, Time: 00:11:43

Health: -8/41      AC:  3    Str:  8    XL:     6   Next: 50%
Magic:  12/12      EV: 12    Int: 19    God:
Gold:   169        SH:  0    Dex: 16    Spells: 8/13 levels left

rFire    . . .     SeeInvis .   f - +1 dagger (protect)
rCold    . . .     Gourm    .   (no shield)
rNeg     . . .     Faith    .   a - +0 robe
rPois    .         Spirit   .   (no helmet)
rElec    .         Reflect  .   (no cloak)
rCorr    .         Harm     .   (no gloves)
MR       .....                  k - +0 pair of boots
Stlth    ++........             u - amulet of regeneration
HPRegen  0.13/turn              l - +3 ring of dexterity
MPRegen  0.13/turn              (no ring)

@: no status effects
A: hooves 1, rot immunity
a: no special abilities


You were on level 4 of the Dungeon.
You were near starving.

You visited 1 branch of the dungeon, and saw 6 of its levels.

You collected 169 gold pieces.

Inventory:

Hand Weapons
 f - a +1 dagger of protection (weapon)
Missiles
 r - 2 tomahawks (quivered)
 y - a throwing net
Armour
 a - a +0 robe (worn)
 k - a +0 pair of boots (worn)
 n - a +0 buckler
 o - a +0 ring mail of poison resistance
Jewellery
 h - a cursed amulet of inaccuracy {unknown}
 l - a +3 ring of dexterity (left hand)
 u - an amulet of regeneration (around neck)
Scrolls
 d - 4 scrolls of teleportation
 e - 2 scrolls of fog
 i - 3 scrolls of magic mapping {unknown}
 j - a scroll of enchant armour {unknown}
 m - a scroll of amnesia {unknown}
 p - 3 scrolls of remove curse
 s - a scroll of acquirement {unknown}
 v - a scroll of immolation {unknown}
Potions
 g - 2 potions of might
 q - 2 potions of lignification
 t - a potion of flight
 w - a potion of heal wounds {unknown}
 z - a potion of invisibility {unknown}
Books
 b - a book of Necromancy

   Spells                             Type                      Level
   a - Pain                           Necromancy                   1
   b - Animate Skeleton               Necromancy                   1
   c - Vampiric Draining              Necromancy                   3
   d - Regeneration                   Charms/Necromancy            3
   e - Animate Dead                   Necromancy                   4
Comestibles
 c - 6 rations
 x - a chunk of flesh


   Skills:
 - Level 1.7 Dodging
 - Level 1.7 Stealth
 + Level 4.0 Spellcasting
 * Level 7.5 Necromancy


You had 8 spell levels left.
You knew the following spells:

 Your Spells              Type           Power        Failure   Level  Hunger
a - Pain                  Necr           ####         1%          1    None
b - Animate Dead          Necr           N/A          6%          4    ####...


Dungeon Overview and Level Annotations

Branches:
Dungeon (6/15)
 Temple: D:4-7

Altars:
Qazlal
The Shining One

Shops:
D:6 *

Annotations:
D:3 Borgoz's ghost, weakling HOAK


Innate Abilities, Weirdness & Mutations

You have large cloven feet.
You are immune to rotting.


Message History

Press: ? - help, Shift-Dir - straight line, f/p - ice beast
Aim: an ice beast (lightly wounded, chance to defeat MR: 84%)
The ice beast writhes in agony!
The ice beast hits you but does no damage.
Casting: Pain (safe; 1% risk of failure)
Confirm with . or Enter, or press ? or * to list all spells.
Aiming: Pain (safe; 1% risk of failure)
Press: ? - help, Shift-Dir - straight line, f/p - ice beast
Aim: an ice beast (moderately wounded, chance to defeat MR: 84%)
The ice beast writhes in agony!
The ice beast hits you. The ice beast freezes you!
* * * LOW HITPOINT WARNING * * *
There is a stone staircase leading up here.
The ice beast barely misses you.
You climb upwards.
There is a stone staircase leading down here.
The ice beast hits you.
* * * LOW HITPOINT WARNING * * *
The ice beast freezes you!
You die...

#.....#
#.....#
##....#
####.#########
#.............
#.##..........
#.############
###Y#######
#.@>......#
#.#######.# #.
#. #. #. #.
#.# #. .. #. .
#. ### #$
#.####.## #.#
#......<#


You could see an ice beast.

Vanquished Creatures
  An ice beast (D:6)
  A bullfrog (D:6)
  A howler monkey (D:4)
  A bullfrog zombie (D:6)
  An orc wizard (D:3)
  A worker ant (D:6)
  An iguana (D:4)
  A worm (D:2)
  3 leopard geckos
  7 orcs (D:3)
  2 ball pythons (D:3)
  8 bats
  4 giant cockroaches (D:1)
  7 goblins
  5 hobgoblins
  8 jackals
  5 kobolds
  A quokka (D:2)
  A frilled lizard (D:1)
  A giant cockroach zombie (D:5)
  4 rats
64 creatures vanquished.

Vanquished Creatures (collateral kills)
  A bullfrog (D:3)
  2 orcs (D:3)
  A ball python (D:3)
  A rat (D:3)
5 creatures vanquished.

Vanquished Creatures (others)
  A fungus (D:4)
1 creature vanquished.

Grand Total: 70 creatures vanquished

Notes
Turn   | Place    | Note
-------+----------+-------------------------------------------
     0 | D:1      | varam the Demonspawn Necromancer began the quest for the Orb.
     0 | D:1      | Reached XP level 1. HP: 13/13 MP: 3/3
   456 | D:1      | Gained mutation: You have large cloven feet. [demonic ancestry]
   456 | D:1      | Reached XP level 2. HP: 16/19 MP: 1/5
   769 | D:1      | Reached skill level 5 in Necromancy
  1304 | D:1      | Reached XP level 3. HP: 24/24 MP: 4/6
  2091 | D:2      | Reached XP level 4. HP: 22/30 MP: 8/8
  2097 | D:2      | Learned a level 4 spell: Animate Dead
  2385 | D:3      | Noticed Borgoz's ghost (weakling HOAK)
  2521 | D:3      | Found a stormy altar of Qazlal.
  2566 | D:3      | Found a glowing golden altar of the Shining One.
  2781 | D:4      | Noticed a bullfrog
  2791 | D:3      | Killed a bullfrog
  2791 | D:3      | Reached skill level 3 in Spellcasting
  2791 | D:3      | Reached skill level 6 in Necromancy
  2791 | D:3      | Gained mutation: You are immune to rotting. [demonic ancestry]
  2791 | D:3      | Reached XP level 5. HP: 13/35 MP: 5/9
  3699 | D:5      | Entered Level 5 of the Dungeon
  3720 | D:5      | Noticed an ice beast
  3765 | D:6      | Reached skill level 7 in Necromancy
  3765 | D:6      | Reached XP level 6. HP: 25/41 MP: 6/11
  3770 | D:6      | Found Ezis's Assorted Antiques.
  3898 | D:6      | Noticed an ice beast
  3920 | D:6      | Killed an ice beast
  3920 | D:6      | Reached skill level 4 in Spellcasting
  3985 | D:4      | Mangled by an ice beast

Vault maps used:
D:1:      dpeg_arrival_stone_temple_mockup, minmay_tromino_v2
D:2:      first_ration
D:3:      tso_oasis_becter, lemuel_doored_altar
D:4:      fedhas_altar_3
D:5:      gup_sewer_entry_pipe
D:6:      temple_green, nicolae_ossuary_entry_ruins, serial_shops, shop,
          kennysheep_little_box

Skill      XL: |  1  2  3  4  5  6 |
---------------+-------------------+-----
Necromancy     | 5 6 7 |  7.5
Spellcasting   | 3 4 |  4.0
Dodging        | |  1.7
Stealth        | |  1.7

Action                   |  1- 3 |  4- 6 || total
-------------------------+-------+-------++-------
Melee: Unarmed           |    12 |       ||    12
       Dagger            |    16 |    56 ||    72
       Kick              |     2 |       ||     2
 Cast: Pain              |    63 |    57 ||   120
       Animate Dead      |       |     4 ||     4
  Use: Scroll            |       |     7 ||     7
 Stab: Sleeping          |     2 |     3 ||     5
  Eat: Chunk             |     4 |     5 ||     9
Armor: Robe              |    14 |    26 ||    40
Dodge: Dodged            |    40 |    75 ||   115

Table legend:
 A = Spawn XP
 B = Non-spawn XP
 C = Spawn XP percentage of total XP
 D = Spawn monster count
 E = Non-spawn monster count
 F = Spawn count percentage of total count
 G = Total turns spent on level
                    A         B        C        D         E        F      G
               +---------+---------+-------+---------+---------+-------+---------
         Total |       0 |     559 |   0.0 |       0 |      69 |   0.0 |  3985
               +---------+---------+-------+---------+---------+-------+---------
           D:1 |       0 |      40 |   0.0 |       0 |      22 |   0.0 |  1451
           D:2 |       0 |      26 |   0.0 |       0 |      14 |   0.0 |  1287
           D:3 |       0 |     169 |   0.0 |       0 |      25 |   0.0 |   805
           D:4 |       0 |      87 |   0.0 |       0 |       2 |   0.0 |   157
           D:5 |       0 |       1 |   0.0 |       0 |       1 |   0.0 |    63
           D:6 |       0 |     236 |   0.0 |       0 |       5 |   0.0 |   222
               +---------+---------+-------+---------+---------+-------+---------
